Map: Acropolis LE

Players

SandboX - Winner!

  • Race: Zerg Zerg
  • League: Gold
  • Spawn Location: 11:00

flash

  • Race: Protoss Protoss
  • League: Gold
  • Spawn Location: 5:00

VOD

Have the link to the VOD?

Description

Time

  • Played on: Aug. 11, 2019, 7:18 p.m.
  • Length: 12:53
Show
View Real Time Build Order
Export as new Build Order

SandboX Zerg - Winner!

Build Orders: Hatch First 

Get SALT Encoding   

  12  0:06  Drone  
  13  0:17  Overlord  
  13  0:29  Drone  
  14  0:37  Drone x2  
  16  0:50  Drone  
  16  0:51  Drone  
  18  1:04  Hatchery  
  18  1:08  Drone  
  18  1:12  Extractor  
  17  1:25  Spawning Pool  
  17  1:29  Drone x2  
  18  1:37  Drone  
  19  1:44  Overlord  
  19  1:59  Drone  
  20  2:20  Zergling x4  
  20  2:21  Queen x2  
  26  2:23  Metabolic Boost  
  26  2:25  Drone  
  26  2:29  Drone  
  28  2:33  Drone  
  29  2:37  Drone  
  30  3:02  Hatchery  
  29  3:06  Drone x3  
  29  3:08  Drone  
  29  3:12  Overlord  
  33  3:23  Drone x3  
  36  3:30  Overlord  
  36  3:32  Drone x2  
  36  3:33  Drone  
  39  3:39  Drone x3  
  42  3:43  Overlord  
  42  3:52  Spore Crawler  
  42  3:54  Spore Crawler  
  40  3:58  Drone x3  
  43  4:04  Roach Warren  
  43  4:09  Drone x3  
  46  4:10  Drone  
  46  4:11  Drone  
  46  4:14  Drone  
  48  4:39  Queen, Extractor  
  48  4:41  Drone x12  
  48  4:45  Extractor  
  60  4:47  Spore Crawler  
  60  4:49  Overlord x2  
  60  4:52  Overlord  
  59  5:00  Lair  
  58  5:08  Roach x5  
  56  5:31  Evolution Chamber  
  56  5:33  Evolution Chamber  
  56  5:34  Drone x6  
  56  5:35  Drone x3  
  53  5:58  Spore Crawler  
  53  6:01  Drone  
  53  6:02  Drone x10  
  63  6:13  Queen  
  63  6:17  Glial Reconstitution  
  65  6:22  Zerg Ground Armor Level 1, Zerg Missile Weapons Level 1  
  65  6:23  Hydralisk Den  
  64  6:27  Drone x7  
  64  6:31  Roach x5  
  64  6:32  Roach  
  83  6:35  Overlord  
  83  6:41  Extractor  
  83  6:43  Extractor  
  81  6:47  Drone  
  81  6:50  Overlord x2  
  82  6:59  Overlord x3  
  82  7:00  Overlord, Hydralisk x2  
  86  7:21  Drone x8  
  90  7:39  Queen  
  88  7:51  Hydralisk x9  
  106  8:13  Hydralisk x9  
  106  8:18  Zerg Missile Weapons Level 2  
  106  8:19  Zerg Ground Armor Level 2  
  124  8:20  Hatchery  
  124  8:26  Overlord, Extractor  
  124  8:27  Overlord x2  
  122  8:31  Muscular Augments  
  121  8:39  Roach x4  
  129  8:42  Overlord x3  
  129  8:43  Overlord x2  
  129  8:48  Roach x3  
  135  8:55  Drone x4  
  139  9:08  Hydralisk, Roach  
  139  9:09  Hydralisk x2, Roach x4  
  155  9:14  Overseer x2  
  155  9:28  Hydralisk, Roach x2  
  155  9:29  Hydralisk x3, Roach x2  
  171  9:31  Overlord  
  171  9:33  Overlord  
  171  9:50  Hydralisk x4  
  171  9:51  Roach  
  171  9:52  Roach x3  
  187  10:21  Roach x6  
  199  10:30  Hatchery  
  150  11:04  Roach x11  
  150  11:05  Roach x6  
  138  11:15  Hydralisk x10  
  150  11:21  Roach x2  
  136  11:35  Hydralisk x5  
  146  11:54  Hydralisk x10  
  166  12:19  Roach  
  168  12:23  Drone x3  
Show
View Real Time Build Order
Export as new Build Order

flash Protoss 

Build Orders: Zealot Archon 

Get SALT Encoding   

  12  0:00  Probe  
  13  0:08  Probe  
  14  0:20  Pylon  
  14  0:21  Probe  
  15  0:39  Gateway  
  15  0:42  Probe  
  16  0:50  Assimilator  
  16  0:54  Probe  
  17  1:06  Probe  
  18  1:18  Probe  
  19  1:31  Cybernetics Core  
  19  1:45  Nexus  
  19  1:47  Probe  
  20  1:56  Probe  
  20  1:58  Assimilator  
  21  2:09  Zealot  
  21  2:10  Robotics Facility  
  21  2:12  Warp Gate  
  22  2:33  Pylon  
  22  2:51  Adept  
  24  2:55  Gateway  
  24  2:57  Twilight Council  
  24  3:00  Probe  
  25  3:07  Observer  
  26  3:17  Gateway  
  26  3:26  Probe x2  
  28  3:29  Sentry  
  30  3:42  Probe x2  
  32  3:50  Probe  
  32  3:52  Assimilator  
  32  3:54  Assimilator, Probe  
  34  4:06  Probe  
  35  4:16  Zealot x3  
  41  4:31  Probe  
  41  4:34  Immortal  
  46  4:40  Pylon  
  46  4:44  Templar Archives  
  46  4:46  Charge  
  46  4:58  Probe x2  
  48  5:09  Warp Prism  
  50  5:25  High Templar  
  50  5:33  Probe  
  50  5:34  Probe  
  50  5:40  Psionic Storm  
  46  5:45  Zealot x2  
  48  6:00  High Templar  
  48  6:02  Probe x2  
  52  6:07  Archon  
  52  6:10  High Templar  
  54  6:15  Pylon  
  54  6:23  Probe  
  54  6:27  Pylon  
  54  6:33  Probe  
  54  6:34  Zealot x2  
  54  6:35  Probe  
  60  6:41  Probe  
  61  6:47  Probe  
  61  6:49  Probe  
  61  6:50  Nexus  
  63  6:54  Assimilator  
  63  6:56  Assimilator  
  63  6:59  Probe x2  
  63  7:00  Pylon  
  64  7:03  Forge  
  64  7:04  Observer  
  66  7:20  Probe, Pylon  
  66  7:21  Probe  
  68  7:50  Zealot  
  68  7:51  Zealot x2  
  64  7:57  Probe x2  
  66  8:04  Probe  
  67  8:09  Probe  
  67  8:12  Immortal  
  72  8:16  High Templar  
  72  8:17  High Templar x2  
  78  8:26  Gateway  
  78  8:27  Gateway  
  78  8:29  Gateway  
  78  8:30  Archon x2  
  78  8:31  Stargate  
  78  8:34  Probe x3  
  78  8:37  Photon Cannon  
  81  8:43  Photon Cannon  
  81  8:46  Probe x3  
  84  8:50  High Templar x2  
  84  8:51  High Templar  
  91  8:56  Observer  
  91  9:10  Probe  
  92  9:23  Sentry x2  
  96  9:25  Zealot x2  
  96  9:26  Protoss Ground Weapons Level 1  
  96  9:28  Pylon  
  100  9:33  Pylon  
  100  9:34  Pylon  
  100  9:45  Gateway  
  100  9:50  Pylon  
  100  9:51  High Templar, Pylon  
  100  9:52  High Templar x4, Photon Cannon  
  110  9:54  Nexus  
  110  9:56  Zealot  
  110  9:58  Assimilator, Probe  
  113  10:03  Assimilator  
  113  10:06  Blink  
  113  10:15  Pylon  
  113  10:20  Zealot  
  115  10:43  Stalker x5  
  115  10:44  Stalker  
  126  10:51  Zealot  
  106  11:09  Archon  
  106  11:10  Archon x2  
  94  11:12  Stalker x5  
  94  11:13  Stalker x2  
  90  11:25  Photon Cannon  
  86  11:26  Photon Cannon  
  86  11:29  Photon Cannon  
  86  11:34  Gateway  
  86  11:35  Gateway  
  86  11:37  Gateway  
  86  11:40  Photon Cannon  
  86  11:41  Pylon  
  86  11:43  Warp Prism  
  86  11:46  Zealot x4  
  86  11:47  Zealot x3  
  102  11:58  Void Ray  
  106  12:05  Forge  
  106  12:14  Probe x3  
  109  12:23  High Templar, Pylon  
  109  12:24  High Templar x4  
  109  12:25  High Templar x2  
  120  12:42  Stalker x2  
Tags
 
Add a new tag
Caveats
  • Supply blocks, unpowered buildings, or Contaminate may cause inaccurate times.
  • Supply counts are checked every 10 seconds.